 Dungeon Crawl Stone Soup version 0.31-a0-204-g7da18cac08 (webtiles) character file.

Game seed: 12836858329324982062

47 qw the Shooter (level 3, -1/20 HPs)
             Began as a Deep Elf Hunter on June 27, 2023.
             Slain by Sigmund
             ... wielding a +0 scythe
              (4 damage)
             ... on level 2 of the Dungeon.
             The game lasted 00:00:25 (1004 turns).

qw the Shooter (Deep Elf Hunter)                    Turns: 1004, Time: 00:00:26

Health: -1/20      AC:  5    Str: 10    XL:     3   Next: 48%
Magic:  5/5        EV: 11    Int: 13    God:
Gold:   43         SH:  0    Dex: 18    Spells: 2/2 levels left

rFire   . . .        Y - +0 shortbow
rCold   . . .        (shield currently unavailable)
rNeg    . . .        f - +0 ring mail
rPois   .            (no helmet)
rElec   .            (no cloak)
rCorr   .            (no gloves)
SInv    .            (no boots)
Will    .....        (no amulet)
Stlth   +            (no ring)
HPRegen 0.23/turn    (no ring)
MPRegen 0.09/turn

%: no passive effects
@: no status effects
A: no striking features
a: no special abilities


You were on level 2 of the Dungeon.
You visited 1 branch of the dungeon, and saw 2 of its levels.

You collected 43 gold pieces.


   Skills:
 - Level 1.5 Fighting
 + Level 7.0 Ranged Weapons
 - Level 2.4 Dodging
 - Level 1.2 Stealth


You had 2 spell levels left.
You didn't know any spells.
Your spell library was empty.

Inventory:

Hand Weapons
 Y - a +0 shortbow (weapon)
Armour
 f - a +0 ring mail (worn)
Potions
 a - a potion of mutation {unknown}
 b - a potion of enlightenment {unknown}
 g - a potion of curing {unknown}
 h - a potion of heal wounds {unknown}
 j - a potion of resistance {unknown}

Dungeon Overview and Level Annotations

Branches:
Dungeon (2/15)

Altars:

Shops:
D:1 ?

Annotations:
D:2 Sigmund


Message History

Enter note: A ball python comes into view.
Enter note:
Enter note:
Enter note: You shoot an arrow.
The ball python hisses angrily.
The arrow hits Sigmund but does no damage.
You shoot an arrow. The arrow completely misses Sigmund.
Sigmund misses you.
You shoot an arrow. The arrow hits Sigmund.
Sigmund is lightly wounded.
A dart slug comes into view.
997 ||| Stepping ~*~*~tactically~*~*~ (outnumbered).
Enter note:
Enter note:
Enter note: You shoot an arrow.
The arrow hits the ball python.
The ball python is moderately wounded.
You shoot an arrow. The arrow hits the ball python.
You kill the ball python!
You shoot an arrow. The arrow hits Sigmund.
Sigmund is moderately wounded.
Sigmund casts a spell at you. The magic dart hits you.
You shoot an arrow. The arrow hits Sigmund!
Sigmund is heavily wounded.
Sigmund mumbles some strange words.
Sigmund flickers and vanishes!
Deactivating autopickup; reactivate with Ctrl-A.
You shoot an arrow.
You hear some strange, mumbled words.
Something tries to affect you, but you resist.
You shoot an arrow. Something hits you!
You shoot an arrow. The arrow hits the dart slug.
The dart slug is moderately wounded.
The dart slug launches a dart at you. The slug dart hits you.
Something hits you.
You die...

#.# #.# #.# #.. ####
# .# #######. .# #..
... .. .# #.##@##..#
.# #@#$..w!.. .#
######.{w.# .#####
........### .....#
######..# .###.#
#..### .# #.#
#...)##.# ## #.#
#........ # #.#
#.#####.# #
#.###########.#####.#


You could see a dart slug.

Vanquished Creatures
  An adder (D:2)
  A worm (D:2)
  A dart slug (D:1)
  7 ball pythons
  3 endoplasms (D:1)
  2 giant cockroaches
  A goblin (D:1)
  3 hobgoblins (D:1)
  2 quokkas (D:1)
  4 bats
  A frilled lizard (D:1)
  3 kobolds
  3 rats
32 creatures vanquished.

Notes
Turn   | Place    | Note
-------+----------+-------------------------------------------
     0 | D:1      | qw the Deep Elf Hunter began the quest for the Orb.
     0 | D:1      | Reached XP level 1. HP: 12/12 MP: 3/3
     0 | D:1      | 0 ||| qw: Version: 0.3-a-22-g0ed2b0b
     0 | D:1      | 0 ||| qw: Game counter: 6642
     0 | D:1      | 0 ||| qw: Melee chars always use a shield: true
     0 | D:1      | 0 ||| qw: God list: Okawaru
     0 | D:1      | 0 ||| qw: Allow faded altars: false
     0 | D:1      | 0 ||| qw: Do Orc after clearing Dungeon:15 true
     0 | D:1      | 0 ||| qw: Do second Lair branch before Depths: true
     0 | D:1      | 0 ||| qw: Lair rune preference: random
     0 | D:1      | 0 ||| qw: Goals: Normal
     0 | D:1      | 0 ||| PLANNING D:1-11
    95 | D:1      | Reached skill level 6 in Ranged Weapons
    95 | D:1      | Reached XP level 2. HP: 16/16 MP: 4/4
   602 | D:1      | Found Eteiqif's Magic Scroll Emporium.
   608 | D:1      | 608 ||| SHOPLISTING scroll of brand weapon (133 gold, have
                  | 26).
   608 | D:1      | 608 ||| SHOPLISTING scroll of enchant armour (105 gold,
                  | have 26).
   608 | D:1      | 608 ||| SHOPLISTING scroll of identify (28 gold, have 26).
   694 | D:1      | Reached XP level 3. HP: 20/20 MP: 5/5
   740 | D:1      | 740 ||| UPGRADING to +0 ring mail.
   750 | D:1      | 750 ||| DROPPING +0 leather armour.
   751 | D:1      | 751 ||| READING scroll labelled CADUBA FEERPH.
   755 | D:1      | 755 ||| READING scroll labelled TASHUD OHO.
   756 | D:1      | 756 ||| READING scroll labelled TEABEA AQUQOOW.
   757 | D:1      | 757 ||| READING scroll labelled JUZXIMNOHOA.
   758 | D:1      | 758 ||| DROPPING scroll of butterflies.
   884 | D:2      | Reached skill level 7 in Ranged Weapons
   992 | D:2      | Noticed Sigmund
   997 | D:2      | 997 ||| Stepping ~*~*~tactically~*~*~ (outnumbered).
  1004 | D:2      | HP: 3/20 [dart slug/slug dart (5)]
  1004 | D:2      | Slain by Sigmund

Levels and vault maps discovered:
D:1:      psy_arrival_whirlpool, layout_loops_ring, serial_shops, shop,
          minmay_misc_feat_x, minmay_crystal_room, amethyst_killhole
D:2:      layout_loops_ring, hangedman_decor_points, minmay_ruptured,
          uniq_sigmund

Skill      XL: |  1  2  3 |
---------------+----------+-----
Ranged Weapons | 6 7 |  7.0
Fighting       | |  1.5
Dodging        | |  2.4
Stealth        | |  1.2

Action                     || total
---------------------------++-------
   Fire: Shortbow          ||   100
    Use: Scroll            ||     4
 Armour: Leather armour    ||     7
         Ring mail         ||     3
  Dodge: Dodged            ||    14

Table legend:
 A = Non-vault XP
 B = Vault XP
 C = Vault XP percentage of total XP
 D = Non-vault monster count
 E = Vault monster count
 F = Vault count percentage of total count
                 A         B        C        D         E       F
            +---------+---------+-------+---------+---------+-------
      Total |      67 |       1 |   1.5 |      31 |       1 |   3.1
            +---------+---------+-------+---------+---------+-------
        D:1 |      41 |       0 |   0.0 |      24 |       0 |   0.0
        D:2 |      26 |       1 |   3.7 |       7 |       1 |  12.5
            +---------+---------+-------+---------+---------+-------
